 Dungeon Crawl Stone Soup version 0.28.0-53-g5a82cb258f (webtiles) character file.

Game seed: 1099330925221653779

95 Labrat the Conjurer (level 4, -6/33 HPs)
             Began as a Demigod Conjurer on Aug 12, 2022.
             Killed from afar by Ijyb (10 damage)
             ... with a puff of flame
             ... on level 3 of the Dungeon.
             The game lasted 00:03:20 (1975 turns).

Labrat the Conjurer (Demigod Conjurer)              Turns: 1975, Time: 00:03:20

Health: -6/33      AC:  2    Str:  8    XL:     4   Next: 17%
Magic:  1/11       EV: 12    Int: 24    God:
Gold:   1          SH:  0    Dex: 12    Spells: 6/9 levels left

rFire   . . .      SeeInvis .   h - +1 dagger (protect)
rCold   . . .      Faith    .   (no shield)
rNeg    . . .      Spirit   .   a - +0 robe
rPois   .          Reflect  .   (no helmet)
rElec   .          Harm     .   (no cloak)
rCorr   .          Rampage  .   (no gloves)
Will    .....                   (no boots)
Stlth   ++........              (no amulet)
HPRegen 0.11/turn               (no ring)
MPRegen 0.12/turn               (no ring)

@: no status effects
A: high MP 1, forlorn, divine attributes
a: no special abilities


You were on level 3 of the Dungeon.
You visited 1 branch of the dungeon, and saw 4 of its levels.

You collected 46 gold pieces.
You spent 45 gold pieces at shops.

Inventory:

Hand Weapons
 h - a +1 dagger of protection (weapon)
Armour
 a - a +0 robe (worn)
Jewellery
 b - a ring of poison resistance
Scrolls
 c - a scroll of brand weapon {unknown}
 i - a scroll of enchant weapon {unknown}
 j - a scroll of magic mapping
Potions
 d - 2 potions of magic {unknown}
 e - 2 potions of lignification {unknown}
 f - a potion of berserk rage {unknown}
 g - a potion of might {unknown}


   Skills:
 - Level 1.7 Dodging
 - Level 1.7 Stealth
 + Level 3.0 Spellcasting
 + Level 4.5 Conjurations


You had 6 spell levels left.
You knew the following spells:

 Your Spells              Type           Power      Damage    Failure   Level
a - Magic Dart            Conj           100%       1d8       1%          1
b - Searing Ray           Conj           50%        2d6       2%          2

Your spell library contained the following spells:

 Spells                   Type           Power      Damage    Failure   Level
 Dazzling Flash           Conj/Hex       28%        N/A       13%         3
 Fulminant Prism          Conj/Hex       7%         3d7       38%         4
 Iskenderun's Mystic Bla  Conj/Tloc      14%        2d5       38%         4


Dungeon Overview and Level Annotations

Branches:
Dungeon (4/15)
 Temple: D:4-7

Shops:
D:3 ?

Annotations:
D:3 Ijyb


Innate Abilities, Weirdness & Mutations

You have an increased reservoir of magic. (+10% MP)
You shall have no god before yourself.
Your divine heritage dramatically boosts your attributes as you level up.


Message History

You start resting.
Magic restored.
Casting: Magic Dart (safe; 1% risk of failure)
Confirm with . or Enter, or press ? or * to list all spells.
Aiming: Searing Ray (safe; 2% risk of failure)
Press: ? - help, Shift-Dir - straight line, f/p - Ijyb
Aim: Ijyb, wielding a +1 spectral club, wearing a +0 scale mail and carrying a wand of flame (23) (lightly wounded, 77% to hit)
The searing ray hits Ijyb!
Ijyb is heavily wounded. (Press . to maintain the ray.) Ijyb hits you with a +1 spectral club.
The searing ray hits Ijyb.
Ijyb is heavily wounded.
Ijyb hits you with a +1 spectral club.
The searing ray hits Ijyb.
Ijyb is severely wounded.
Ijyb zaps a wand.
The puff of flame misses you.
The searing ray hits Ijyb but does no damage.
Ijyb is severely wounded.
You finish channelling your searing ray.
Ijyb barely misses you.
Casting: Searing Ray (safe; 2% risk of failure)
Confirm with . or Enter, or press ? or * to list all spells.
Aiming: Searing Ray (safe; 2% risk of failure)
Press: ? - help, Shift-Dir - straight line, f/p - Ijyb
Aim: Ijyb, wielding a +1 spectral club, wearing a +0 scale mail and carrying a wand of flame (22) (severely wounded, 77% to hit)
The searing ray misses Ijyb. (Press . to maintain the ray.) Ijyb zaps a wand.
The puff of flame hits you!
The searing ray misses Ijyb.
Ijyb hits you with a +1 spectral club.
* * * LOW HITPOINT WARNING * * *
The searing ray hits Ijyb.
Ijyb is almost dead.
Ijyb hits you with a +1 spectral club.
* * * LOW HITPOINT WARNING * * *
The searing ray hits Ijyb but does no damage.
Ijyb is almost dead.
You finish channelling your searing ray.
Ijyb zaps a wand.
The puff of flame hits you!
You die...

# .. ...
########
g.###
#......# ...
#.####.###
#.##.###@#
#.#.#########
#......g.#
#............
#..#.#####
##...########
... ... #...#
. #.#.# #...#
......
#...######
..#.#$
#...#.....
#....
#...######
..... #...#


You could see Ijyb.

Vanquished Creatures
  A jelly (D:4)
  An adder (D:3)
  A howler monkey skeleton (D:3)
  A worm (D:3)
  A dart slug (D:2)
  3 endoplasms
  6 giant cockroaches
  5 goblins
  4 hobgoblins
  2 kobolds
  2 quokkas (D:1)
  3 ball pythons
  3 bats (D:1)
  5 frilled lizards
  4 rats
42 creatures vanquished.

Notes
Turn   | Place    | Note
-------+----------+-------------------------------------------
     0 | D:1      | Labrat the Demigod Conjurer began the quest for the Orb.
     0 | D:1      | Reached XP level 1. HP: 14/14 MP: 5/5
   473 | D:1      | Reached XP level 2. HP: 20/20 MP: 2/7
   764 | D:1      | Reached skill level 4 in Conjurations
  1019 | D:1      | Learned a level 2 spell: Searing Ray
  1257 | D:2      | Reached XP level 3. HP: 26/26 MP: 1/9
  1328 | D:2      | You fall into a shaft and drop 2 floors!
  1537 | D:3      | Found Edurph's Magic Scroll Emporium.
  1579 | D:3      | Reached XP level 4. HP: 33/33 MP: 1/11
  1707 | D:3      | Bought a scroll of magic mapping for 45 gold pieces
  1957 | D:3      | Noticed Ijyb
  1975 | D:3      | Killed from afar by Ijyb

Illustrated notes

Levels and vault maps discovered:
D:1:      saegor_arrival_simple_d, layout_loops_ring,
          shapermc_ecumenical_altar_mp_highgroup, nrook_campfire,
          kennysheep_boxes
D:2:      layout_rooms
D:3:      layout_loops_cross, serial_shops, nicolae_shop_advertising_works
          [nicolae_subvault_shop_adworks], serial_co_window_serial,
          co_window_paths_b, co_window_of_opportunity_a, co_window_paths_a,
          co_window_paths_a, co_window_corner_a, co_window_of_opportunity_a,
          co_window_corner_a, co_window_broadway_c, co_window_cross_3,
          co_window_cross_2, co_window_of_opportunity_b, co_window_corner_b,
          co_window_unsneaky_path_b, glass_columns_c, glass_columns_a, uniq_ijyb
D:4:      layout_basic, mainiacjoe_overflow_boulevard,
          minmay_temple_entry_from_below_a

Skill      XL: |  1  2  3 |
---------------+----------+-----
Spellcasting   | 2 3 |  3.0
Conjurations   | 4 |  4.5
Dodging        | |  1.7
Stealth        | |  1.7

Action                   |  1- 3 |  4- 6 || total
-------------------------+-------+-------++-------
Melee: Unarmed           |    12 |       ||    12
       Punch             |     2 |       ||     2
       Dagger            |     1 |       ||     1
 Cast: Magic Dart        |    76 |    11 ||    87
       Searing Ray       |     1 |     2 ||     3
Armor: Robe              |    10 |       ||    10
Dodge: Dodged            |    19 |     2 ||    21
